 Dungeon Sprint DCSS version 0.31-a0-1071-gaead2f62b1 (webtiles) character file.

Game seed: 15200241135649718604

202 rocky1 the Slasher (level 6, -20/49 HPs)
             Began as a Djinni Gladiator on Nov 26, 2023.
             Demolished by a shadow (30 damage)
             ... in the Dungeon (Sprint III: "The Ten Rune Challenge").
             The game lasted 00:01:04 (792 turns).

rocky1 the Slasher (Djinni Gladiator)                Turns: 792, Time: 00:01:05

Health: -20/49     AC:  4    Str: 13    XL:     6   Next: 8%
Gold:   28         EV: 15    Int:  9    God:
                   SH:  0    Dex: 17

rFire   + + .        a - +0 long sword
rCold   x . .        (no shield)
rNeg    . . .        b - +0 leather armour
rPois   ∞            c - +0 helmet
rElec   .            (no cloak)
rCorr   .            (no gloves)
SInv    .            (boots unavailable)
Will    .....        (no amulet)
Stlth   ++           (no ring)
HPRegen 0.28/turn    (no ring)
MPRegen 0.00/turn

%: no teleportation, infuse magic (-21 HP)
@: flying
A: sickness immunity, fire resistance 2, cold vulnerability 1, float, innate
caster, HP casting, extra vitality 1
a: no special abilities


You were in the Dungeon.
You visited 1 branch You collected 28 gold pieces.

Inventory:

Hand Weapons
 a - a +0 long sword (weapon)
Missiles
 d - 2 throwing nets (quivered)
 e - a javelin
 k - 4 poisoned darts
Armour
 b - a +0 leather armour (worn)
 c - a +0 helmet (worn)
Scrolls
 j - a scroll of blinking
 m - a scroll of torment {unknown}
 n - 4 scrolls of identify
 p - a scroll of poison {unknown}
Potions
 f - a potion of curing
 g - a potion of heal wounds
 h - a potion of haste
 l - 6 potions of mutation
 o - a potion of enlightenment {unknown}
 q - 2 potions of brilliance {unknown}


   Skills:
 * Level 5.4 Fighting
 + Level 7.5 Long Blades
 - Level 2.3 Throwing
 + Level 1.8 Armour
 + Level 7.2 Dodging
 + Level 1.0 Stealth


You knew the following spells:

 Your Spells              Type           Power      Damage    Failure   Level
a - Sting                 Tmut/Pois      0%         1d3       45%         1
b - Momentum Strike       Conj/Tloc      0%         3d8       61%         2
Your spell library was empty.

Dungeon Overview and Level Annotations

Branches:
Dungeon (1/1)

Altars:


Innate Abilities, Weirdness & Mutations

You are immune to sickness and miasma.
You are immune to poison.
Your flesh is very heat resistant. (rF++)
You are vulnerable to cold. (rC-)
You float through the air rather than walking.
You learn spells naturally, not from books.
Your magical power is your life essence.
You have superior vitality. (+4 MHP)


Message History

You hit the shadow.
The shadow is lightly damaged.
The shadow hits you.
You slash the shadow!
The shadow is moderately damaged.
The shadow completely misses you.
You hit the shadow but do no damage.
The shadow is moderately damaged.
The shadow closely misses you.
You hit the shadow but do no damage.
The shadow is moderately damaged.
The shadow slips into darkness.
The shadow flickers and vanishes!
Deactivating autopickup; reactivate with Ctrl-A.
You hit something but do no damage.
The shadow strikes at you from the darkness!
Reactivating autopickup.
You hit the shadow but do no damage.
The shadow is moderately damaged.
The shadow slips into darkness.
The shadow flickers and vanishes!
Deactivating autopickup; reactivate with Ctrl-A.
You slash something!
The shadow strikes at you from the darkness!
Ouch! That really hurt!
* * * LOW HITPOINT WARNING * * *
Reactivating autopickup.
You hit the shadow but do no damage.
The shadow is severely damaged.
The shadow hits you.
* * * LOW HITPOINT WARNING * * *
You hit the shadow.
The shadow is almost destroyed.
The shadow slips into darkness.
The shadow flickers and vanishes!
Deactivating autopickup; reactivate with Ctrl-A.
You hit something but do no damage.
The shadow strikes at you from the darkness!
Ouch! That really hurt!
You die...

▓▓▓ ♣ ♣.# ♣♣ ♣.#
.♣ ♣♣.# ♣♣
♣..###+#+###+##
.♣♣♣♣.#..........#
~.♣.♣.'.⌠........#
~~~...#...######@#
~~....#.⌠.# #.{.#
~.....#...# #...#
......#+### #...#
......# #...+
......# +...#
▓▓▓▓▓▓▓ ▓▓▓▓▓


There were no monsters in sight!

Vanquished Creatures
  A scorpion (D)
  A water elemental (D)
  A jelly (D)
  Jessica (D)
  A human (D)
  An endoplasm (D)
  A rat (D)
7 creatures vanquished.

Notes
Turn   | Place    | Note
-------+----------+-------------------------------------------
     0 | D        | rocky1 the Djinni Gladiator began the quest for the Orb.
     0 | D        | Reached XP level 1. HP: 18/18 MP: 0/0
    17 | D        | Noticed Jessica
    21 | D        | Killed Jessica
    22 | D        | Reached skill level 5 in Dodging
    22 | D        | Reached XP level 2. HP: 24/24 MP: 0/0
    22 | D        | Reached XP level 3. HP: 29/29 MP: 0/0
    22 | D        | Learned a level 1 spell: Sting
   141 | D        | Noticed a scorpion
   207 | D        | Killed a scorpion
   208 | D        | Reached XP level 4. HP: 27/37 MP: 0/0
   208 | D        | Reached XP level 5. HP: 30/41 MP: 0/0
   208 | D        | Learned a level 2 spell: Momentum Strike
   421 | D        | Noticed a water elemental
   430 | D        | Killed a water elemental
   431 | D        | Reached skill level 5 in Fighting
   431 | D        | Reached skill level 1 in Armour
   580 | D        | Reached skill level 1 in Stealth
   580 | D        | Reached XP level 6. HP: 35/49 MP: 0/0
   781 | D        | Noticed a shadow
   792 | D        | Demolished by a shadow

Illustrated notes

Levels and vault maps discovered:
D:        dungeon_sprint_mu [sprint_mu_entry_forest, sprint_mu_temple_rooms,
          sprint_mu_d1_horrors, sprint_mu_d2_genie, sprint_mu_d3_branching,
          sprint_mu_orc_legion, sprint_mu_elf_gauntlet, sprint_mu_hive_nellie,
          sprint_mu_lair_fedhas, sprint_mu_vaults_butterflies,
          sprint_mu_slime_circle, sprint_mu_swamp_cave, sprint_mu_snake_twists,
          sprint_mu_blade_basic, sprint_mu_crypt_lich, sprint_mu_tomb_spiral,
          sprint_mu_vestibule_basic, sprint_mu_gehenna_hellfire,
          sprint_mu_dis_giant, sprint_mu_tartarus_statrot,
          sprint_mu_cocytus_islands, sprint_mu_zot1]

Skill      XL: |  1  2  3  4  5 |
---------------+----------------+-----
Long Blades    | 4 6 7 |  7.5
Throwing       | 2 |  2.3
Dodging        | 5 6 7 |  7.2
Fighting       | 4 5 |  5.4
Armour         | 1 |  1.8
Stealth        | 1 |  1.0

Action                     |  1- 3 |  4- 6 || total
---------------------------+-------+-------++-------
  Melee: Long sword        |    33 |    23 ||    56
         Punch             |     1 |       ||     1
  Throw: Throwing net      |     1 |       ||     1
    Use: Potion            |       |     1 ||     1
   Stab: Held in net/web   |     1 |       ||     1
 Armour: Leather armour    |    12 |     7 ||    19
  Dodge: Dodged            |    16 |    13 ||    29

Table legend: (Time is in decaauts)
 A = Elapsed time spent in this place.
 B = Non-inter-level travel time spent in this place.
 C = Inter-level travel time spent in this place.
 D = Time resting spent in this place.
 E = Time spent auto-exploring this place.
 F = Levels seen in this place.
 G = Mean time per level.
                   A        B        C        D        E       F      G
               +--------+--------+--------+--------+--------+-----+--------+
         Total |    807 |    807 |      0 |    626 |      0 |   1 |  807.0 |
       Dungeon |    807 |    807 |      0 |    626 |      0 |   1 |  807.0 |
               +--------+--------+--------+--------+--------+-----+--------+

Top non-repeatable levels by time:
       D: 807 daAuts
